FIQ, neutral female sylph Healer ------------ -.Es........- .d.--..--.... .---|........ |.......- -----...- --... |... --.. FIQ the Rhizotomist Experience level: 2 Strength: 8 Dexterity: 9 Constitution: 17 Intelligence: 7 Wisdom: 18 Charisma: 16 Health: 0(24) Energy: 11(11) Def: 0 Gold: 4988 Moves: 4389 Dungeon seed: e5-s_mdgj2mkg4Uv Game ID: FIQ_1460749677 Your Inventory: Coins $ - 4988 gold pieces Amulets B - a cursed amulet of strangulation named cursed L - an uncursed amulet of life saving Weapons a - an uncursed +0 scalpel (weapon in hand) Armor e - an uncursed +1 pair of leather gloves Comestibles l - 7 uncursed apples w - 7 blessed eucalyptus leaves R - an uncursed tripe ration Rings Y - an uncursed ring of shock resistance (on left hand) Tools b - an uncursed bag of holding k - an uncursed skeleton key n - an uncursed magic harp (0:0) s - an uncursed stethoscope E - an uncursed expensive camera (0:37) H - an uncursed tooled horn Contents of the bag of holding: a blessed scroll of identify an uncursed scroll of identify an uncursed scroll of scare monster an uncursed scroll of teleportation an uncursed spellbook of cure blindness a blessed spellbook of extra healing a blessed spellbook of healing a blessed spellbook of stone to flesh 2 uncursed potions of blindness 8 uncursed potions of extra healing an uncursed potion of full healing an uncursed potion of gain ability 2 uncursed potions of gain energy an uncursed potion of gain level a blessed potion of healing 4 uncursed potions of healing 2 uncursed potions of invisibility an uncursed potion of object detection 2 uncursed potions of oil 2 uncursed potions of sickness 3 uncursed potions of water an uncursed wand of create monster (0:12) an uncursed wand of enlightenment (0:13) an uncursed wand of magic missile (0:3) an uncursed wand of sleep (0:8) Spells and supernatural/magical abilities: Name Level Category Fail Memory h - healing 1 healing 23% 79% x - extra healing 3 healing 100% 79% S - stone to flesh 3 healing 100% 79% W - pray for help -- divine ? -- Your skills at the end: Miscellaneous Skills wands [Basic] Weapon Skills knife [Basic] Spellcasting Skills healing spells [Basic] Final Attributes: You were fervently aligned. You were shock resistant. You were poison resistant. You saw invisible. You were protected from shape changers. You are dead. Vanquished creatures: a small mimic 2 gnome lords a dwarf a kobold shaman 3 hill orcs 2 giant bats 2 orc zombies 2 werejackals 3 coyotes a gas spore 2 hobbits an acid blob 2 geckos 2 giant rats a cave spider a brown mold 5 yellow molds 2 red molds 3 gnomes 6 garter snakes 3 manes a gnome zombie 5 jackals 2 foxes 4 kobolds 5 newts a goblin 5 grid bugs 7 lichens a kobold zombie 77 creatures vanquished. Voluntary challenges: You did not wear any clothing or armor. You never hit with a wielded weapon. You were a pacifist. You did not apply a unicorn horn. You read items or engraved 10 times, starting on turn 374. You never genocided any monsters. You never polymorphed an object. You never changed form. You used no wishes. You never split a pudding. You wrote Elbereth's name 2 times, starting on turn 4218. You violated your moral code, losing 7 points of alignment, starting on turn 4. Dungeon overview: The Dungeons of Doom: levels 1 to 4 Level 1 a long staircase Level 2 a general store, a fountain Level 3 a potion shop Level 4 stairs to The Gnomish Mines The Gnomish Mines: levels 5 to 7 Level 5 stairs to The Dungeons of Doom Level 6 Level 7 <- You were here History has recorded: On T:1 you entered the Dungeons of Doom to retrieve the Amulet of Yendor! On T:213 you reached level 2 of The Dungeons of Doom. On T:1101 you reached level 3 of The Dungeons of Doom. On T:1439 you advanced to experience level 2. On T:2429 you reached level 4 of The Dungeons of Doom. On T:2993 you reached level 1 of The Gnomish Mines. On T:4193 you reached level 2 of The Gnomish Mines. On T:4341 you reached level 3 of The Gnomish Mines. Score breakdown: Gold: 3950 ( 395 points) Experience: 2 levels ( 100 points) Exploration: 7 levels ( 180 points) Discoveries: 14 items ( 700 points) Variety of kills: 30 monsters ( 1500 points) Major goal: (nothing yet) ( 0 points) Survival: died (score multiplied by 3) Total score: 8625 Latest messages: You start playing the horn called tooled horn. You produce a frightful, grave sound. You put a wand of create monster into the bag. You put a wand of enlightenment into the bag. You put a potion of oil into the bag. You put a potion of extra healing into the bag. You put a potion of oil into the bag. You put a clear potion into the bag. You put 2 potions of invisibility into the bag. You put a potion of healing into the bag. You put a potion of gain energy into the bag. You put 2 potions of blindness into the bag. You put 3 potions of extra healing into the bag. You put a potion of full healing into the bag. You put 2 clear potions into the bag. You put a potion of gain ability into the bag. You put a potion of gain level into the bag. You put a potion of object detection into the bag. You put 3 uncursed potions of healing into the bag. You put 2 potions of sickness into the bag. You put a blessed potion of healing into the bag. You put 4 uncursed potions of extra healing into the bag. You put an uncursed potion of gain energy into the bag. Your movements are now unencumbered. The price is deducted from your credit. The giant spider bites! You die... Final status: Goodbye FIQ the Healer, killed by a giant spider... You died in The Gnomish Mines on dungeon level 7 with 8625 points, and 4988 pieces of gold, after 4389 moves. You were level 2 with a maximum of 24 hit points when you died.